 Dungeon Crawl Stone Soup version 0.21-a0-522-ga8338f0 (webtiles) character file.

2942 slep the Cleaver (level 9, -2/47 HPs)
             Began as a Vine Stalker Gladiator on Dec 7, 2017.
             Was an Elder of Okawaru.
             Slain by a worker ant (4 damage)
             ... on level 7 of the Dungeon.
             The game lasted 00:29:58 (5083 turns).

slep the Cleaver (Vine Stalker Gladiator)           Turns: 5083, Time: 00:29:59

Health: -2/47      AC:  8    Str: 15    XL:     9   Next: 80%
Magic:  0/10       EV: 13    Int:  8    God:    Okawaru [****..]
Gold:   296        SH:  5    Dex: 19    Spells: 8/8 levels left

rFire    . . .     SeeInvis .   a - +0 war axe
rCold    . . .     Gourm    +   g - +0 buckler
rNeg     . . .     Faith    .   t - +0 ring mail (curse)
rPois    .         Spirit   +   c - +0 helmet
rElec    .         Reflect  .   G - +0 cloak
rCorr    .         Harm     .   (no gloves)
MR       +....                  (no boots)
Stlth    ++........             P - amulet of the gourmand
HPRegen  0.55/turn              (no ring)
MPRegen  0.12/turn              (no ring)

@: lethally poisoned (-2 -> -2)
A: fangs 3, regeneration 1, weak 1, magic shield, antimagic bite, no potion heal
3, rot immunity, subdued magic 1
a: Heroism, Renounce Religion


You were on level 7 of the Dungeon.
You worshipped Okawaru.
Okawaru was greatly pleased with you.
You were hungry.

You visited 1 branch of the dungeon, and saw 8 of its levels.
You also visited: Sewer.

You collected 341 gold pieces.
You spent 45 gold pieces at shops.

Inventory:

Hand Weapons
 a - a +0 war axe (weapon)
Missiles
 d - 3 throwing nets (quivered)
Armour
 b - a +0 leather armour
 c - a +0 helmet (worn)
 g - a +0 buckler (worn)
 t - a cursed +0 ring mail (worn)
 y - a cursed +0 ring mail
 G - a +0 cloak (worn)
 I - a +0 troll leather armour {Purgy}
Jewellery
 P - an amulet of the gourmand (around neck)
Wands
 H - a wand of iceblast (12)
 M - a wand of scattershot (6)
Scrolls
 h - 4 scrolls of identify {unknown}
 i - 5 scrolls of remove curse {unknown}
 n - 3 scrolls of magic mapping {unknown}
 p - 3 scrolls of immolation {unknown}
 q - 5 scrolls of fear {unknown}
 r - a scroll of enchant weapon {unknown}
 x - a scroll of amnesia {unknown}
 C - a scroll of enchant armour {unknown}
 D - 2 scrolls of fog {unknown}
 E - 3 scrolls of teleportation {unknown}
Potions
 e - 2 potions of lignification
 j - 2 potions of flight
 k - a potion of cancellation
 l - a potion of degeneration
 s - 2 potions of haste
 u - 3 potions of heal wounds
 v - a potion of might
 w - a potion of brilliance {unknown}
 z - a potion of invisibility {unknown}
 A - a potion of berserk rage {unknown}
 B - 2 potions of curing {unknown}
 F - 2 potions of resistance {unknown}
 J - a potion of magic {unknown}
 N - a potion of mutation {unknown}
 O - a potion of agility
Books
 Q - a book of Clouds

   Spells                             Type                      Level
   a - Poisonous Vapours              Poison/Air                   2
   b - Mephitic Cloud                 Conjuration/Poison/Air       3
   c - Conjure Flame                  Conjuration/Fire             3
   d - Freezing Cloud                 Conjuration/Ice/Air          6
   e - Ring of Flames                 Charms/Fire                  7
Comestibles
 f - 8 bread rations
 m - 5 fruits
 o - 2 meat rations
 K - 2 royal jellies
 L - 5 chunks of flesh


   Skills:
 + Level 5.3 Fighting
 + Level 8.3 Axes
 + Level 1.8 Throwing
 + Level 4.6 Armour
 + Level 4.7 Dodging
 + Level 2.9 Stealth
 + Level 2.4 Shields
 + Level 0.1 Evocations


You had 8 spell levels left.
You didn't know any spells.

Dungeon Overview and Level Annotations

Branches:
Dungeon (8/15)             Temple (0/1) D:6
   Lair: D:8-11

Altars:
Ashenzari
Dithmenos
Kikubaaqudgha
Makhleb
Nemelex Xobeh
Okawaru
Sif Muna
Trog

Shops:
D:5 *   D:6 [

Annotations:
D:8 Erica


Innate Abilities, Weirdness & Mutations

You have razor-sharp teeth.
Your natural rate of healing is unusually fast.
When hurt, damage is shared between your health and your magic reserves.
Your bite disrupts and absorbs the magic of your enemies.
Potions cannot restore your health.
You are immune to rotting.
You are weak. (Str -2)
Your spells are a little easier to cast, but a little less powerful.


Message History

Something burns you.
* * * LOW HITPOINT WARNING * * *
You feel sick.
You hear some strange, mumbled words.
An orb of energy appears from out of thin air!
The orb of energy hits you!
* * * LOW HITPOINT WARNING * * *
There is a stone staircase leading up here.
* * * LOW HITPOINT WARNING * * *
You feel sick. The worker ant closely misses you.
You climb upwards.
There is a stone staircase leading down here.
You slash the worker ant!
You bite the worker ant, but do no damage.
The worker ant is heavily wounded.
The worker ant barely misses you. The worker ant misses you.
You closely miss the worker ant. Your bite misses the worker ant.
The worker ant is heavily wounded.
You feel sick. The worker ant bites you.
You die...

............#............÷.......
...##.......##...........†.......
...##.###.........##...###.......
....#.# ###..###.................
..[.(.# #..###############...##
...#..#####...##############...#
...#.###.......................#
...#.....##.##.#############...#
.........##.##..@.....# ###..<.#
.....###..#.##..a.....# #...####
.##..# ##......)......# #...####
....#######.##........# #......##
.##....###............# #...##...
.#####................# #........
......####....#.##.#### #........
#.#...........#.##.# ##...._...
....#.####....#.##.# #.........


You could see a worker ant.

Vanquished Creatures
  The ghost of nomadicburrito the Fighter, a novice MiFi of Okawaru (D:6)
  A hippogriff (D:7)
  Purgy (Sewer)
  2 ice beasts
  An orc warrior (D:6)
  A sky beast (D:6)
  2 ogres
  A centaur (D:5)
  The ghost of Inus the Conjurer, an amateur TeCj (Sewer)
  4 bullfrogs
  2 killer bees (D:8)
  4 wights (D:7)
  3 crimson imps
  A quasit (D:6)
  3 orc priests
  3 hounds
  6 orc wizards
  6 worker ants
  A hound skeleton (D:7)
  2 hound zombies
  7 gnolls
  11 adders
  A shadow imp (D:5)
  2 worms
  3 leopard geckos
  18 orcs
  7 giant cockroaches
  12 goblins
  A hobgoblin (D:3)
  15 jackals
  2 quokkas
  6 ball pythons
  14 bats
  10 frilled lizards
  11 kobolds
  4 rats
170 creatures vanquished.

Vanquished Creatures (others)
  An iguana (D:7)
1 creature vanquished.

Grand Total: 171 creatures vanquished

Notes
Turn   | Place    | Note
-------+----------+-------------------------------------------
     0 | D:1      | slep the Vine Stalker Gladiator began the quest for the Orb.
     0 | D:1      | Reached XP level 1. HP: 11/11 MP: 2/2
   503 | D:1      | Reached XP level 2. HP: 15/15 MP: 3/3
   709 | D:1      | Reached skill level 3 in Axes
   990 | D:2      | Reached XP level 3. HP: 18/18 MP: 4/4
  1055 | D:2      | Found an ancient bone altar of Kikubaaqudgha.
  1256 | D:2      | Gained mutation: Your natural rate of healing is unusually fast. [Vine Stalker growth]
  1256 | D:2      | Reached XP level 4. HP: 10/23 MP: 3/5
  1800 | D:3      | Found a burning altar of Makhleb.
  1863 | D:3      | Found an iron altar of Okawaru.
  1872 | D:3      | Became a worshipper of Warmaster Okawaru
  1938 | D:3      | Reached skill level 4 in Axes
  1938 | D:3      | Reached XP level 5. HP: 22/26 MP: 2/6
  1945 | D:3      | Reached skill level 1 in Armour
  2015 | D:3      | Reached skill level 1 in Stealth
  2031 | D:3      | Reached XP level 6. HP: 14/31 MP: 2/7
  2765 | D:4      | Reached * piety under Okawaru
  2850 | D:4      | Reached skill level 5 in Axes
  2850 | D:4      | Reached XP level 7. HP: 25/35 MP: 8/8
  2855 | D:4      | Found a shattered altar of Ashenzari.
  2928 | D:4      | Found a deep blue altar of Sif Muna.
  3043 | D:5      | Entered Level 5 of the Dungeon
  3175 | D:5      | Found a glowing drain.
  3222 | Sewer    | Entered a sewer
  3276 | Sewer    | Noticed Purgy
  3282 | Sewer    | Noticed Inus's ghost (amateur TeCj)
  3296 | Sewer    | Killed Purgy
  3296 | Sewer    | Reached skill level 1 in Shields
  3307 | Sewer    | Killed Inus's ghost
  3518 | D:5      | Found a shadowy altar of Dithmenos.
  3594 | D:5      | Reached skill level 6 in Axes
  3594 | D:5      | Gained mutation: You have razor-sharp teeth. [Vine Stalker growth]
  3594 | D:5      | Reached XP level 8. HP: 7/40 MP: 5/9
  3715 | D:5      | Found Zyqasel's Assorted Antiques.
  3738 | D:5      | Bought a golden potion for 21 gold pieces
  3738 | D:5      | Bought a scroll labeled YJAPSAOTID for 24 gold pieces
  3891 | D:6      | Reached ** piety under Okawaru
  3935 | D:6      | Noticed nomadicburrito's ghost (novice MiFi)
  4001 | D:6      | Killed nomadicburrito's ghost
  4001 | D:6      | Reached skill level 7 in Axes
  4001 | D:6      | Reached XP level 9. HP: 23/45 MP: 7/10
  4040 | D:6      | Found Ucwoasmaed's Antique Armour Emporium.
  4080 | D:6      | Reached *** piety under Okawaru
  4105 | D:6      | Found a sparkling altar of Nemelex Xobeh.
  4376 | D:6      | Gained mutation: Your spells are a little easier to cast, but a little less powerful. [mutagenic meat]
  4377 | D:6      | Gained mutation: You are weak. (Str -2) [mutagenic meat]
  4405 | D:6      | Found a staircase to the Ecumenical Temple.
  4698 | D:7      | Reached skill level 5 in Fighting
  4892 | D:7      | Reached skill level 8 in Axes
  4940 | D:7      | Found a shadowy altar of Dithmenos.
  4966 | D:7      | Found a bloodstained altar of Trog.
  5061 | D:8      | Noticed Erica
  5066 | D:8      | Reached **** piety under Okawaru
  5078 | D:8      | HP: 1/47 [something/orb of energy (3)]
  5083 | D:7      | HP: 2/47 [poisoned by a killer bee]
  5083 | D:7      | Slain by a worker ant

Vault maps used:
D:1:      tarquinn_simple_flora_water_d, hangedman_decor_slide_cut
D:2:      marbit_many_paths, minmay_misc_feat_x
D:3:      nicolae_overflow_hidden_temple, nicolae_overflow_crystal_walls
D:4:      evilmike_ruin_ashenzari, led_sif_pool
D:5:      gup_sewer_entry_bubbles, serial_shops,
          nicolae_shop_competitors_out_of_business, first_bread,
          small_statue_intersection, nicolae_dithmenos_shadow_blocks
D:6:      minmay_temple_entry_fiery, serial_shops, shop, minmay_misc_feat_roman,
          nemelex_diamond_rough_becter
D:7:      kennysheep_little_box, basic_altar, lemuel_flamethrower_2
D:8:      lemuel_round_altar, xom_butterflies, grunt_ogre_cave, uniq_erica
Sewer:    sewer_co_purgy_island

Skill      XL: |  1  2  3  4  5  6  7  8  9 |
---------------+----------------------------+-----
Axes           | 3 4 5 6 7 8 |  8.3
Fighting       | 2 3 4 5 |  5.3
Dodging        | 3 4 |  4.7
Armour         | 1 2 3 4 |  4.6
Stealth        | 1 2 |  2.9
Shields        | 1 2 |  2.4
Throwing       | |  1.8
Evocations     | |  0.1

Action                   |  1- 3 |  4- 6 |  7- 9 || total
-------------------------+-------+-------+-------++-------
Melee: War axe           |    94 |   161 |   307 ||   562
       Bite              |    19 |    53 |    87 ||   159
Evoke: Wand              |       |       |     1 ||     1
  Use: Potion            |       |       |     8 ||     8
 Stab: Sleeping          |       |     1 |     1 ||     2
  Eat: Chunk             |     1 |     6 |     9 ||    16
Armor: Leather armour    |    47 |       |       ||    47
       Ring mail         |     9 |    69 |   123 ||   201
       Skin              |       |       |    45 ||    45
Dodge: Dodged            |    84 |   110 |   180 ||   374
Block: Buckler           |    21 |    30 |    99 ||   150

Table legend:
 A = Spawn XP
 B = Non-spawn XP
 C = Spawn XP percentage of total XP
 D = Spawn monster count
 E = Non-spawn monster count
 F = Spawn count percentage of total count
 G = Total turns spent on level
                    A         B        C        D         E        F      G
               +---------+---------+-------+---------+---------+-------+---------
         Total |       0 |    4204 |   0.0 |       0 |     171 |   0.0 |  5083
               +---------+---------+-------+---------+---------+-------+---------
           D:1 |       0 |      31 |   0.0 |       0 |      21 |   0.0 |   965
           D:2 |       0 |      61 |   0.0 |       0 |      23 |   0.0 |   719
           D:3 |       0 |     362 |   0.0 |       0 |      27 |   0.0 |   967
           D:4 |       0 |     256 |   0.0 |       0 |      19 |   0.0 |   392
           D:5 |       0 |     316 |   0.0 |       0 |      22 |   0.0 |   545
           D:6 |       0 |    1588 |   0.0 |       0 |      25 |   0.0 |   680
           D:7 |       0 |    1111 |   0.0 |       0 |      21 |   0.0 |   539
           D:8 |       0 |     225 |   0.0 |       0 |       3 |   0.0 |    50
         Sewer |       0 |     254 |   0.0 |       0 |      10 |   0.0 |   226
               +---------+---------+-------+---------+---------+-------+---------
